 Dungeon Crawl Stone Soup version 0.31.0-12-g77e489cdc1 (webtiles) character file.

Game seed: 3552330845016433126

297 112233 the Firebug (level 6, -1/38 HPs)
             Began as an Octopode Fire Elementalist on Feb 22, 2024.
             Was an Initiate of Gozag.
             Killed by nerve-wracking pain
             ... invoked by Menkaure
              (10 damage)
             ... on level 5 of the Dungeon.
             The game lasted 00:03:59 (5014 turns).

112233 the Firebug (Octopode Fire Elementalist)     Turns: 5014, Time: 00:04:00

Health: -1/38      AC:  1    Str:  7    XL:     6   Next: 35%
Magic:  5/11       EV: 14    Int: 20    God:    Gozag
Gold:   296        SH:  0    Dex: 18    Spells: 5/11 levels left

rFire   . . .        w - +3 spear (venom)
rCold   . . .        (no shield)
rNeg    . . .        (helmet restricted)
rPois   .            (no amulet)
rElec   .            c - ring of flight
rCorr   .            k - +6 ring of dexterity
SInv    .            (no ring)
Will    .....        (no ring)
Stlth   ++++         (no ring)
HPRegen 0.26/turn    (no ring)
MPRegen 0.12/turn    (no ring)
                     (no ring)

%: no passive effects
@: flying
A: almost no armour, amphibious, 8 rings, camouflage 1, gelatinous body 1,
(nimble swimmer 1), tentacles
a: Renounce Religion, Potion Petition, Call Merchant, Bribe Branch


You were on level 5 of the Dungeon.
You worshipped Gozag.
Gozag was aware of your devotion.
You visited 1 branch of the dungeon, and saw 5 of its levels.

You collected 384 gold pieces.
You paid 88 gold pieces to Gozag.

Inventory:

Hand Weapons
 l - a +0 dagger
 w - a +3 spear of venom (weapon)
Missiles
 f - 3 atropa-tipped darts
 m - 4 poisoned darts
 v - a throwing net
Jewellery
 a - a ring of protection from fire
 c - a ring of flight (left tentacle)
 k - a +6 ring of dexterity (right tentacle)
Scrolls
 b - a scroll of enchant weapon {unknown}
 d - a scroll of noise {unknown}
 h - a scroll of silence {unknown}
 j - 2 scrolls of poison
 n - 6 scrolls of identify {unknown}
 o - 2 scrolls of teleportation {unknown}
 r - a scroll of revelation {unknown}
 s - a scroll of fog {unknown}
 t - a scroll of torment {unknown}
 u - 3 scrolls of enchant armour {unknown}
 y - a scroll of amnesia {unknown}
 B - a scroll of vulnerability {unknown}
Potions
 e - a potion of invisibility {unknown}
 g - 2 potions of degeneration {unknown}
 i - a potion of curing
 p - a potion of might {unknown}
 q - 2 potions of mutation {unknown}
 x - a potion of haste {unknown}
 z - a potion of berserk rage {unknown}
 A - a potion of enlightenment {unknown}


   Skills:
 + Level 1.6 Fighting
 + Level 3.2 Dodging
 - Level 3.3 Stealth
 * Level 3.4 Spellcasting
 * Level 3.1 Conjurations
 + Level 3.8 Fire Magic


You had 5 spell levels left.
You knew the following spells:

 Your Spells              Type           Power      Damage    Failure   Level
a - Foxfire               Conj/Fire      68%        2x1d7     3%          1
b - Scorch                Fire           36%        2d6       4%          2
c - Volatile Blastmotes   Fire/Tloc      22%        2d11      19%         3

Your spell library contained the following spells:

 Spells                   Type           Power      Damage    Failure   Level
 Inner Flame              Hex/Fire       11%        N/A       19%         3
 Flame Wave               Conj/Fire      17%        2d7       32%         4


Dungeon Overview and Level Annotations

Branches:
Dungeon (5/15)
 Temple: D:4-7

Altars:
Ashenzari
Cheibriados
Gozag
Kikubaaqudgha
Nemelex Xobeh
Ru
Trog
Xom

Annotations:
D:2 exclusion: downstairs
D:4 exclusion: downstairs
D:5 Menkaure


Innate Abilities, Weirdness & Mutations

You cannot wear most types of armour.
You are amphibious.
You can wear up to eight rings at the same time.
Your skin changes colour to match your surroundings (Stealth+).
Your rubbery body absorbs attacks. (AC +1, EV +1)
((You are camouflaged when in or above water. (Stealth+)))
You have tentacles for arms and can constrict up to eight enemies at once.


Message History

Menkaure is lightly damaged.
Menkaure's fire resistance burns away.
Your foxfire dissipates!
Unknown command.
Casting: Scorch (safe; 4% risk of failure)
Confirm with . or Enter, or press ? or * to list all spells.
Flames lash Menkaure.
Menkaure is burned terribly!
Menkaure is heavily damaged.
Menkaure casts a spell.
Menkaure seems to speed up.
You hear a shout!
Menkaure misses you.
An ogre comes into view. It is wielding a +0 giant spiked club.
Casting: Scorch (safe; 4% risk of failure)
Confirm with . or Enter, or press ? or * to list all spells.
Flames lash Menkaure.
Menkaure is burned terribly!
Menkaure is severely damaged.
Menkaure gestures at you while chanting.
You barely resist. Menkaure hits you! Menkaure hits you!
Unknown command.
Unknown command.
Okay, then.
You aren't carrying any items that you can evoke.
Unknown command.
The air fills with toxic fumes!
As you read the scroll labelled FIOTHA TAENN, it crumbles to dust.
It was a scroll of poison.
The ogre closely misses you. Menkaure closely misses you.
Unknown command.
It was a potion of curing.
You feel better. Menkaure hits you!!
Ouch! That really hurt!
* * * LOW HITPOINT WARNING * * *
The ogre closely misses you.
Unknown command.
You feel better.
Menkaure points at you and mumbles some strange words.
Pain shoots through your body!
You die...
Your body crumbles into a pile of gold.

#.# #.# ###
§ #.#
§§######§#
#.#
§§§§§§§§#
#>#
#M§§§§§§§
#.# ###@O§§#
#.#
###§§§#§§#
#)# #§§§###
§§§§
#.#####§###
§§§§
#..##§§.#
§§§
####...§§###
§§
#.....#### §
#.....#
#.....#


You could see an ogre and Menkaure (fast, combustible).

Vanquished Creatures
  A scorpion (D:4)
  A howler monkey (D:4)
  A bombardier beetle (D:4)
  A jelly (D:4)
  Terence (D:3)
  Robin (D:3)
  3 adders
  An orc (D:5)
  6 ball pythons
  4 bats
  6 endoplasms
  4 giant cockroaches
  14 goblins
  13 hobgoblins
  3 jackals (D:3)
  A quokka (D:1)
  5 kobolds
  2 rats
68 creatures vanquished.

Vanquished Creatures (others)
  A bat (D:1)
  183 foxfires
184 creatures vanquished.

Grand Total: 252 creatures vanquished

Notes
Turn   | Place    | Note
-------+----------+-------------------------------------------
     0 | D:1      | 112233 the Octopode Fire Elementalist began the quest for
                  | the Orb.
     0 | D:1      | Reached XP level 1. HP: 11/11 MP: 3/3
   308 | D:1      | Reached XP level 2. HP: 17/17 MP: 1/5
   311 | D:1      | Learned a level 2 spell: Scorch
  1751 | D:2      | Reached XP level 3. HP: 21/21 MP: 1/6
  2537 | D:3      | Noticed Robin
  2726 | D:3      | Found a sparkling altar of Nemelex Xobeh.
  2727 | D:3      | Found a sacrificial altar of Ru.
  3085 | D:3      | Noticed Terence
  3153 | D:4      | Found a broken altar of Ashenzari.
  3265 | D:4      | Noticed a scorpion
  3274 | D:4      | Killed a scorpion
  3275 | D:4      | Reached XP level 4. HP: 18/27 MP: 2/8
  3275 | D:4      | Reached XP level 5. HP: 22/32 MP: 2/9
  3537 | D:4      | Found a bloodstained altar of Trog.
  3715 | D:4      | Reached skill level 1 in Fighting
  3781 | D:4      | Found an opulent altar of Gozag.
  3798 | D:4      | Became a worshipper of Gozag Ym Sagoz the Greedy
  4097 | D:3      | Found a snail-covered altar of Cheibriados.
  4154 | D:3      | Killed Robin
  4155 | D:3      | Reached XP level 6. HP: 24/38 MP: 4/10
  4277 | D:3      | Killed Terence
  4336 | D:3      | Found an ancient bone altar of Kikubaaqudgha.
  4418 | D:3      | Learned a level 3 spell: Volatile Blastmotes
  4541 | D:3      | Found a shimmering altar of Xom.
  4574 | D:3      | Found a faded altar of an unknown god.
  4929 | D:5      | Entered Level 5 of the Dungeon
  5002 | D:5      | Noticed Menkaure
  5014 | D:5      | Killed from afar by Menkaure

Illustrated notes

Levels and vault maps discovered:
D:1:      giann_horns, layout_basic, minmay_misc_feat_hallway,
          lemuel_flame_loot_1
D:2:      layout_loops_corners, minmay_crystal_water
D:3:      layout_rooms, chei_slow_surprise, general_overflow_altar,
          mainiacjoe_overflow_chevrons, nicolae_overflow_two_pavilions,
          shapermc_ecumenical_altar_hornbeckon, hangedman_decor_lopped,
          minmay_misc_feat_plants, uniq_terence, uniq_robin
D:4:      layout_loops_ring, mainiacjoe_overflow_24_doors,
          mainiacjoe_overflow_boulevard, trog_hazing_becter,
          minmay_misc_feat_tiny
D:5:      layout_rooms, uniq_menkaure

Skill      XL: |  1  2  3  4  5  6 |
---------------+-------------------+-----
Stealth        | 3 |  3.3
Conjurations   | 2 3 |  3.1
Fighting       | 1 |  1.6
Dodging        | 3 |  3.2
Spellcasting   | 3 |  3.4
Fire Magic     | |  3.8

Action                     |  1- 3 |  4- 6 || total
---------------------------+-------+-------++-------
  Melee: Unarmed           |     4 |       ||     4
         Dagger            |     7 |     7 ||    14
         Constrict         |     3 |     3 ||     6
         Tentacles         |     2 |     1 ||     3
         Punch             |       |     1 ||     1
   Cast: Foxfire           |    54 |    58 ||   112
         Scorch            |    13 |    17 ||    30
    Use: Potion            |     1 |     2 ||     3
         Scroll            |       |     1 ||     1
 Armour: Skin              |     9 |    12 ||    21
  Dodge: Dodged            |    24 |    16 ||    40
